[Event "Manisa Yunusemre IM Norm 2019"]
[Site "Manisa"]
[Date "2019.04.30"]
[Round "3.1"]
[White "Simantsev, Mikhail"]
[Black "Akin, Kadir"]
[Result "1-0"]
[ECO "D46"]
[WhiteElo "2395"]
[BlackElo "2033"]
[Annotator "NA"]
[PlyCount "35"]
[EventDate "2019.04.30"]
[EventCountry "TUR"]
[SourceTitle "playchess.com"]
[Source "ChessBase"]
[SourceQuality "1"]
[TimeControl "5400+30"]

1. d4 d5 2. c4 e6 3. Nc3 Nf6 4. Nf3 c6 5. e3 Nbd7 6. Qc2 Bd6 7. Be2 O-O 8. O-O dxc4 9. Bxc4 e5 10. Bb3 exd4 11. exd4 h6 12. Bxh6 gxh6 13. Qg6+ Kh8 14. Qxh6+ Kg8 15. Ng5 Qa5 16. Nce4 Be7 17. Qg6+ Kh8 18. Bxf7 1-0

[Event "Manisa Yunusemre IM Norm 2019"]
[Site "Manisa"]
[Date "2019.04.30"]
[Round "3.2"]
[White "Morozov, Nichita"]
[Black "Abdullayev, Azer"]
[Result "1-0"]
[ECO "D00"]
[WhiteElo "2398"]
[BlackElo "2074"]
[Annotator "NA"]
[PlyCount "98"]
[EventDate "2019.04.30"]
[EventCountry "TUR"]
[SourceTitle "playchess.com"]
[Source "ChessBase"]
[SourceQuality "1"]
[TimeControl "5400+30"]

1. d4 Nf6 2. Bg5 d5 3. e3 Nbd7 4. Nd2 e5 5. c3 Be7 6. Bd3 O-O 7. Ne2 c6 8. O-O e4 9. Bc2 Nh5 10. Bxe7 Qxe7 11. f4 exf3 12. Rxf3 Ndf6 13. h3 Ne4 14. Nxe4 dxe4 15. Rf2 Qg5 16. Nf4 Ng3 17. Bb3 Bd7 18. a4 Rae8 19. Bc4 Nf5 20. Qe2 Qg3 21. Re1 Nh4 22. Kh1 g6 23. Ref1 Nf5 24. Nh5 gxh5 25. Rxf5 Bxf5 26. Rxf5 Qg6 27. Qf2 Kg7 28. Be2 Re7 29. Bxh5 Qh6 30. Bg4 Rh8 31. Rf4 Kf8 32. Bf5 Qg5 33. h4 Qg7 34. Bxe4 Rg8 35. Kh2 Qh6 36. Bf5 Kg7 37. e4 f6 38. Bh3 Rge8 39. Qf3 Rd8 40. b4 a5 41. bxa5 c5 42. d5 Rd6 43. Be6 Rdxe6 44. dxe6 Rxe6 45. Rg4+ Kf7 46. Qf5 c4 47. Qd5 Qe3 48. Qh5+ Ke7 49. Rg7+ Kd8 1-0

[Event "Manisa Yunusemre IM Norm 2019"]
[Site "Manisa"]
[Date "2019.04.30"]
[Round "3.3"]
[White "Kukov, Velislav"]
[Black "Metin, Oguz"]
[Result "1/2-1/2"]
[ECO "A50"]
[WhiteElo "2351"]
[BlackElo "2058"]
[Annotator "NA"]
[PlyCount "78"]
[EventDate "2019.04.30"]
[EventCountry "TUR"]
[SourceTitle "playchess.com"]
[Source "ChessBase"]
[SourceQuality "1"]
[TimeControl "5400+30"]

1. Nf3 Nf6 2. g3 b6 3. Bg2 Bb7 4. O-O g6 5. c4 Bg7 6. Nc3 O-O 7. d4 Ne4 8. Nxe4 Bxe4 9. Be3 d6 10. Qd2 c5 11. Bh6 Nd7 12. Bxg7 Kxg7 13. a4 Nf6 14. Ra3 Qc7 15. d5 a6 16. Qf4 Qd7 17. Re3 Bxf3 18. Bxf3 Ra7 $11 19. Ra3 Rb8 20. e4 Qc7 21. Be2 Nd7 22. Qd2 Nf8 23. f4 f6 24. Re3 Nd7 25. b3 Re8 26. h4 Raa8 27. Kg2 a5 28. Bg4 Nf8 29. h5 e6 30. hxg6 hxg6 31. e5 f5 32. Bf3 Rad8 33. Qc3 Qf7 34. dxe6 Nxe6 35. Bc6 Nd4 36. Bxe8 Qxe8 37. Rh1 Qc6+ 38. Kg1 dxe5 39. Rxe5 Qf3 1/2-1/2

[Event "Manisa Yunusemre IM Norm 2019"]
[Site "Manisa"]
[Date "2019.04.30"]
[Round "3.4"]
[White "Mammadova, Narmin"]
[Black "Nalbant, Tuna Onat"]
[Result "0-1"]
[ECO "B06"]
[WhiteElo "2292"]
[BlackElo "2354"]
[Annotator "NA"]
[PlyCount "132"]
[EventDate "2019.04.30"]
[EventCountry "TUR"]
[SourceTitle "playchess.com"]
[Source "ChessBase"]
[SourceQuality "1"]
[TimeControl "5400+30"]

1. e4 c5 2. c3 d5 3. exd5 Qxd5 4. d4 g6 5. Nf3 Bg7 6. Be3 cxd4 7. cxd4 Nf6 8. Nc3 {[%emt 0:00:00] B06: Modern Defence} Qd8 9. Qb3 (9. h3 O-O 10. Bc4 Nc6 11. O-O Na5 12. Be2 Be6 13. Ne5 Nd5 14. Bd2 Rc8 15. Qa4 b6 {1-0 (82) Bosiocic,M (2591)-Adhiban,B (2666) Doha 2016}) 9... O-O 10. Rd1 Nc6 $146 ({Predecessor:} 10... b6 11. Be2 Bb7 12. O-O Nd5 13. Bc4 Nxc3 14. bxc3 Bxf3 15. gxf3 {0-1 (47) Guzenko,A (2083)-Fedoseev,S (2184) Peterhof 2008}) 11. d5 Na5 12. Qa3 b6 13. Be2 Bg4 14. h3 Bxf3 15. Bxf3 Nc4 16. Qb3 Nxe3 17. fxe3 Nd7 18. O-O Rc8 19. Nb5 Nc5 20. Qb4 Qd7 21. Nd4 Qd6 22. Nc6 Rc7 23. b3 Bh6 $11 24. Rfe1 e5 25. Qh4 Bg7 26. e4 a5 27. Qg3 Ne6 28. Qf2 Nd4 29. Rxd4 exd4 30. e5 Qc5 31. Nxd4 Rd7 32. Nc6 Qc3 33. Re3 Re8 34. Kh2 Qc1 35. g3 Qc5 36. Qe2 Rxd5 37. Bxd5 Qxd5 38. Qc4 Qxc4 39. bxc4 Bf8 40. Rb3 Bc5 41. Rd3 Re6 42. Rd8+ Kg7 43. Rc8 Ba3 44. g4 Bb2 45. Kg3 Bxe5+ 46. Kf3 Bf6 47. c5 bxc5 48. Nxa5 Bd4 49. Nc4 Ra6 50. Ke4 Rxa2 51. Nd6 Re2+ 52. Kd5 Re5+ 53. Kc4 Re7 54. Re8 Rxe8 55. Nxe8+ Kf8 56. Nd6 Ke7 57. Ne4 h5 58. gxh5 gxh5 59. h4 Bf6 60. Kxc5 Bxh4 61. Kd5 f5 62. Nd6 Kf6 63. Kd4 Bg3 64. Nc4 Kg5 65. Ke3 Kg4 66. Nd2 Bf4+ 0-1

[Event "Manisa Yunusemre IM Norm 2019"]
[Site "Manisa"]
[Date "2019.05.01"]
[Round "4.1"]
[White "Abdullayev, Azer"]
[Black "Simantsev, Mikhail"]
[Result "0-1"]
[ECO "E10"]
[WhiteElo "2074"]
[BlackElo "2395"]
[Annotator "NA"]
[PlyCount "88"]
[EventDate "2019.04.30"]
[EventCountry "TUR"]
[SourceTitle "playchess.com"]
[Source "ChessBase"]
[SourceQuality "1"]
[TimeControl "5400+30"]

1. d4 Nf6 2. c4 e6 3. Nf3 c5 4. d5 exd5 5. cxd5 Bd6 6. g3 Bc7 7. Bg2 (7. d6 $5 Ba5+ 8. Nbd2 $11) 7... d6 8. O-O O-O 9. Nfd2 Nbd7 10. a4 a6 11. Nc4 Nb6 12. Nca3 Bd7 13. a5 Nc8 14. Nc4 Bb5 15. Nbd2 Re8 16. b3 b6 17. axb6 Nxb6 18. e4 a5 19. Re1 Rb8 20. h3 Nfd7 21. f4 a4 22. Nxb6 Nxb6 23. bxa4 Bd3 24. Bf1 Qf6 25. e5 Qg6 26. Qf3 Bxf1 27. Rxf1 dxe5 28. a5 {[%emt 0:01:20] [#]} e4 $1 29. Nxe4 Nxd5 30. Ng5 Nb4 31. h4 (31. Qg2 $17) 31... Nc2 (31... h6 $19 {has better winning chances.} 32. Nh3 Nc2) 32. Ra2 Nd4 33. Qg2 h6 34. Nf3 Ra8 35. Nxd4 cxd4 36. Bd2 d3 37. Rf2 Bb6 38. axb6 Rxa2 39. b7 {[%emt 0:00:23] [#]} Qb6 $19 40. Kh2 Rb8 41. f5 Qxb7 42. Qf1 Qe4 43. f6 Rbb2 44. Qc1 Rxd2 0-1

[Event "Manisa Yunusemre IM Norm 2019"]
[Site "Manisa"]
[Date "2019.05.01"]
[Round "4.2"]
[White "Metin, Oguz"]
[Black "Morozov, Nichita"]
[Result "0-1"]
[ECO "A60"]
[WhiteElo "2058"]
[BlackElo "2398"]
[Annotator "ChessBase"]
[PlyCount "92"]
[EventDate "2019.04.30"]
[EventCountry "TUR"]
[SourceTitle "playchess.com"]
[Source "ChessBase"]
[SourceQuality "1"]
[TimeControl "5400+30"]

1. d4 Nf6 2. c4 c5 3. d5 e6 4. Nc3 exd5 5. cxd5 Bd6 6. Nf3 Bc7 7. g3 d6 8. Bg2 O-O 9. O-O a6 10. a4 Re8 11. Qc2 Nbd7 12. Nd2 Rb8 13. Nc4 b5 14. axb5 axb5 15. Ne3 Ne5 16. h3 Bd7 17. b4 Bb6 18. Kh2 cxb4 19. Na2 Bc5 20. Rb1 Nc4 21. Nxb4 Bxe3 22. fxe3 Qe7 23. Rf3 Rbc8 24. Qd1 Ne4 25. Ra1 Qg5 26. Qe1 Ra8 27. Rxa8 Rxa8 28. Rf4 f5 29. Bxe4 fxe4 30. Qc3 Qh5 31. g4 Qe5 32. Qxe5 dxe5 33. Rxe4 Be8 34. Bb2 Nxb2 35. Rxe5 Bg6 36. d6 Nc4 37. Rxb5 Nxd6 38. Rc5 Rf8 39. Kg2 Ne4 40. Rc2 Nf2 41. Rc7 Be4+ 42. Kg3 Ba8 43. Nc2 Ne4+ 44. Kh4 h6 45. Nd4 Bd5 46. Nf5 Bf7 0-1

[Event "Manisa Yunusemre IM Norm 2019"]
[Site "Manisa"]
[Date "2019.05.01"]
[Round "4.3"]
[White "Nalbant, Tuna Onat"]
[Black "Kukov, Velislav"]
[Result "1/2-1/2"]
[ECO "D14"]
[WhiteElo "2354"]
[BlackElo "2351"]
[Annotator "ChessBase"]
[PlyCount "60"]
[EventDate "2019.04.30"]
[EventCountry "TUR"]
[SourceTitle "playchess.com"]
[Source "ChessBase"]
[SourceQuality "1"]
[TimeControl "5400+30"]

1. d4 d5 2. c4 c6 3. cxd5 cxd5 4. Nf3 Nf6 5. Nc3 Nc6 6. Bf4 Bf5 7. e3 e6 8. Bd3 Bxd3 9. Qxd3 Bd6 10. Bxd6 Qxd6 11. O-O O-O 12. Rfc1 Rfc8 13. Ne2 Ne4 14. a3 a6 15. Nd2 Nxd2 16. Qxd2 Ne7 17. Rxc8+ Rxc8 18. Rc1 Rxc1+ 19. Qxc1 Qc6 20. Qxc6 Nxc6 21. Nc3 b5 22. b4 Kf8 23. Kf1 Ke7 24. Ke2 Kd6 25. Kd3 f5 26. f4 g6 27. g3 h5 28. h4 Ne7 29. Nb1 Nc6 30. Nc3 Ne7 1/2-1/2

[Event "Manisa Yunusemre IM Norm 2019"]
[Site "Manisa"]
[Date "2019.05.01"]
[Round "4.4"]
[White "Ozen, Bahadir"]
[Black "Mammadova, Narmin"]
[Result "1/2-1/2"]
[ECO "D12"]
[WhiteElo "2328"]
[BlackElo "2292"]
[Annotator "ChessBase"]
[PlyCount "34"]
[EventDate "2019.04.30"]
[EventCountry "TUR"]
[SourceTitle "playchess.com"]
[Source "ChessBase"]
[SourceQuality "1"]
[TimeControl "5400+30"]

1. Nf3 d5 2. d4 Nf6 3. e3 Bf5 4. c4 e6 5. Nc3 c6 6. Bd3 Bxd3 7. Qxd3 Nbd7 8. O-O Be7 9. b3 O-O 10. Bb2 Qa5 11. Rfd1 Rfd8 12. h3 Ba3 13. Bxa3 Qxa3 14. Nb1 Qa5 15. Nc3 Qa3 16. Nb1 Qa5 17. Nc3 Qa3 1/2-1/2

[Event "Manisa Yunusemre IM Norm 2019"]
[Site "Manisa"]
[Date "2019.05.01"]
[Round "4.5"]
[White "Akin, Kadir"]
[Black "Guseynov, Alihan"]
[Result "0-1"]
[ECO "B07"]
[WhiteElo "2033"]
[BlackElo "2340"]
[Annotator "NA"]
[PlyCount "66"]
[EventDate "2019.04.30"]
[EventCountry "TUR"]
[SourceTitle "playchess.com"]
[Source "ChessBase"]
[SourceQuality "1"]
[TimeControl "5400+30"]

1. e4 g6 2. d4 Bg7 3. Nc3 d6 4. Be3 c6 5. Nf3 Nd7 6. Qd2 Ngf6 7. h3 O-O 8. Bd3 Qc7 9. O-O b5 10. a4 {[%emt 0:00:00] B07: Pirc Defence: Miscellaneous Systems} (10. Ne2 e5 11. dxe5 Nxe5 12. Nxe5 dxe5 13. a4 Be6 14. axb5 cxb5 15. Qa5 Rfc8 16. Qxc7 Rxc7 17. Nc3 Bc4 {½-½ (92) Saric,I (2666)-Van Wely,L (2667) Wijk aan Zee 2015}) 10... b4 11. Ne2 c5 12. c3 Bb7 13. Ng3 c4 14. Bb1 bxc3 15. Qxc3 {[%emt 0:10:30] [#]} Rfc8 $146 ({Predecessor:} 15... Rac8 16. Rc1 Qb8 {0-1 (55) Jansa,V (2460)-Hickl,J (2515) Bad Woerishofen 1992}) 16. Nd2 Rab8 17. Rc1 d5 18. Ba2 e6 19. b3 Nxe4 20. Ngxe4 dxe4 21. bxc4 Nc5 22. Qa3 Nd3 23. Rd1 Rd8 24. Nb3 f5 25. Bg5 Rxd4 26. Nxd4 Bxd4 27. Rab1 Bxf2+ 28. Kf1 Bc5 29. Rxd3 exd3 30. Qxd3 Qh2 $19 31. Rxb7 Qg1+ 32. Ke2 Qxg2+ 33. Kd1 Qxb7 0-1

[Event "Manisa Yunusemre IM Norm 2019"]
[Site "Manisa"]
[Date "2019.05.01"]
[Round "5.1"]
[White "Simantsev, Mikhail"]
[Black "Metin, Oguz"]
[Result "1-0"]
[ECO "E32"]
[WhiteElo "2395"]
[BlackElo "2058"]
[Annotator "NA"]
[PlyCount "75"]
[EventDate "2019.04.30"]
[EventCountry "TUR"]
[SourceTitle "playchess.com"]
[Source "ChessBase"]
[SourceQuality "1"]
[TimeControl "5400+30"]

1. d4 Nf6 2. c4 e6 3. Nf3 b6 4. Nc3 Bb7 5. Qc2 Bb4 6. a3 Bxc3+ 7. Qxc3 Ne4 8. Qc2 O-O 9. e3 f5 10. Be2 d6 11. b3 Nd7 12. Bb2 Rf6 13. d5 e5 14. g3 a5 15. Nh4 g6 16. f3 Nec5 17. O-O Nf8 18. f4 Ncd7 19. e4 exf4 20. gxf4 fxe4 21. Bxf6 Qxf6 22. Ng2 Nc5 23. Rad1 Re8 24. b4 Ncd7 25. Ne3 Bc8 26. Kh1 Qh4 27. Qc3 Re7 28. Bg4 h5 29. Be6+ Nxe6 30. dxe6 Rxe6 31. f5 Re5 32. fxg6 Nf6 33. Rd2 Bh3 34. Ng2 Bxg2+ 35. Rxg2 e3 36. Qd3 Ng4 37. g7 Qh3 38. Qg6 1-0

[Event "Manisa Yunusemre IM Norm 2019"]
[Site "Manisa"]
[Date "2019.05.01"]
[Round "5.2"]
[White "Morozov, Nichita"]
[Black "Nalbant, Tuna Onat"]
[Result "1/2-1/2"]
[ECO "D14"]
[WhiteElo "2398"]
[BlackElo "2354"]
[Annotator "NA"]
[PlyCount "61"]
[EventDate "2019.04.30"]
[EventCountry "TUR"]
[SourceTitle "playchess.com"]
[Source "ChessBase"]
[SourceQuality "1"]
[TimeControl "5400+30"]

1. d4 Nf6 2. Nf3 d5 3. c4 c6 4. cxd5 cxd5 5. Nc3 Nc6 6. Bf4 Bf5 7. e3 e6 8. Bd3 Bg6 9. O-O Bd6 10. Bg3 O-O 11. Bxg6 hxg6 12. Rc1 Bxg3 13. hxg3 Rc8 14. a3 Ne7 15. Ne2 Rxc1 16. Qxc1 Ne4 17. Nd2 Nxd2 18. Qxd2 Qd7 19. Rc1 Rc8 20. Rxc8+ Qxc8 21. Qc1 Kf8 22. Kf1 Qxc1+ 23. Nxc1 Nc8 24. Ke2 Ke7 25. Kd3 Kd6 26. Nb3 g5 27. g4 Ne7 28. Nd2 f6 29. f3 b6 30. g3 g6 31. f4 1/2-1/2

[Event "Manisa Yunusemre IM Norm 2019"]
[Site "Manisa"]
[Date "2019.05.01"]
[Round "5.3"]
[White "Kukov, Velislav"]
[Black "Ozen, Bahadir"]
[Result "0-1"]
[ECO "D02"]
[WhiteElo "2351"]
[BlackElo "2328"]
[Annotator "NA"]
[PlyCount "60"]
[EventDate "2019.04.30"]
[EventCountry "TUR"]
[SourceTitle "playchess.com"]
[Source "ChessBase"]
[SourceQuality "1"]
[TimeControl "5400+30"]

1. d4 d5 2. Bf4 c5 3. e3 Nc6 4. Nf3 Nf6 5. c3 Qb6 6. Qb3 c4 7. Qxb6 axb6 8. Na3 Bf5 9. Be2 e6 10. Nb5 Ra5 11. Nd6+ Bxd6 12. Bxd6 Ne4 13. Bg3 Rb5 14. O-O-O Ke7 15. Nh4 Ra8 16. Nxf5+ exf5 17. a3 Nxc3 18. bxc3 Rxa3 19. Kd2 Rb2+ 20. Ke1 Rxc3 21. Bf3 Nb4 22. Kf1 Ke6 23. h4 Nd3 24. Kg1 b5 25. Kh2 b4 26. Ra1 Ra3 27. Rhd1 Rxa1 28. Rxa1 c3 29. Ra5 c2 30. Bxd5+ Ke7 0-1

[Event "Manisa Yunusemre IM Norm 2019"]
[Site "Manisa"]
[Date "2019.05.01"]
[Round "5.4"]
[White "Mammadova, Narmin"]
[Black "Akin, Kadir"]
[Result "1/2-1/2"]
[ECO "B22"]
[WhiteElo "2292"]
[BlackElo "2033"]
[Annotator "NA"]
[PlyCount "52"]
[EventDate "2019.04.30"]
[EventCountry "TUR"]
[SourceTitle "playchess.com"]
[Source "ChessBase"]
[SourceQuality "1"]
[TimeControl "5400+30"]

1. e4 c5 2. c3 d5 3. exd5 Qxd5 4. d4 Nc6 5. Nf3 Bg4 6. Be2 e6 7. O-O Nf6 8. Be3 cxd4 9. Nxd4 Bxe2 10. Qxe2 Nxd4 11. Bxd4 Rd8 12. Bxa7 Bd6 13. Bd4 O-O 14. Nd2 e5 15. Bb6 Rc8 16. Rfd1 Qc6 17. Be3 Nd5 18. Ne4 Bc7 19. Ng5 f5 20. c4 Nxe3 21. Qxe3 Qxc4 22. Rac1 Qxa2 23. Ra1 Qc4 24. Rac1 Qa2 25. Ra1 Qc4 26. Rac1 Qa2 1/2-1/2

[Event "Manisa Yunusemre IM Norm 2019"]
[Site "Manisa"]
[Date "2019.05.01"]
[Round "5.5"]
[White "Guseynov, Alihan"]
[Black "Abdullayev, Azer"]
[Result "1-0"]
[ECO "D36"]
[WhiteElo "2340"]
[BlackElo "2074"]
[Annotator "NA"]
[PlyCount "61"]
[EventDate "2019.04.30"]
[EventCountry "TUR"]
[SourceTitle "playchess.com"]
[Source "ChessBase"]
[SourceQuality "1"]
[TimeControl "5400+30"]

1. d4 d5 2. c4 e6 3. Nc3 Nf6 4. cxd5 exd5 5. Bg5 Be7 6. e3 c6 7. Bd3 Nbd7 8. Qc2 O-O 9. Nge2 Re8 10. O-O h6 11. Bf4 Nf8 12. Rab1 Ne6 13. Bg3 g6 14. Kh1 Ng7 15. f3 Bd6 16. Bf2 Bc7 17. Bg1 h5 18. e4 dxe4 19. fxe4 h4 20. e5 Nfh5 21. h3 Be6 22. Rf3 g5 23. Rbf1 g4 24. hxg4 Bxg4 25. Bc4 Bxf3 26. Rxf3 Re6 27. Ne4 a6 28. Be3 Ng3+ 29. N2xg3 hxg3 30. Bxe6 Qh4+ 31. Bh3 1-0

[Event "Manisa Yunusemre IM Norm 2019"]
[Site "Manisa"]
[Date "2019.05.02"]
[Round "7.2"]
[White "Morozov, Nichita"]
[Black "Akin, Kadir"]
[Result "1-0"]
[ECO "A07"]
[WhiteElo "2398"]
[BlackElo "2033"]
[Annotator "NA"]
[PlyCount "101"]
[EventDate "2019.04.30"]
[EventCountry "TUR"]
[SourceTitle "playchess.com"]
[Source "ChessBase"]
[SourceQuality "1"]
[TimeControl "5400+30"]

1. Nf3 d5 2. g3 Nf6 3. Bg2 c6 4. O-O Bg4 5. d3 Nbd7 6. h3 Bxf3 7. Bxf3 e6 8. Bg2 Qb6 9. Nd2 Bd6 10. Kh1 O-O 11. c4 Rfe8 12. b3 a5 13. a3 e5 14. Bb2 Bf8 15. Qc2 h6 16. Rab1 Rac8 17. e3 Qa6 18. Rbc1 b5 19. Qb1 b4 20. a4 Bd6 21. Nf3 Bb8 22. Qc2 Qb7 23. Nh4 g6 24. Nf3 Kh7 25. Nd2 Qa6 26. Rce1 Nh5 27. Qd1 f5 28. cxd5 cxd5 29. Bxd5 Qxd3 30. Nc4 Nc5 31. Qxd3 Nxd3 32. Rb1 Rc5 33. Bf3 Nf6 34. Ba1 Nd7 35. Be2 Rd5 36. Bxd3 Rxd3 37. Nxa5 Nc5 38. Kg2 Ne4 39. Nc6 Nc3 40. Nxb4 Nxb1 41. Nxd3 Nd2 42. Rd1 Nxb3 43. Bc3 Rd8 44. Rb1 Rxd3 45. Rxb3 h5 46. Rb7+ Kh6 47. Bb4 Rd8 48. Be7 Rc8 49. h4 Bc7 50. a5 Bd8 51. Bf8# 1-0

[Event "Manisa Yunusemre IM Norm 2019"]
[Site "Manisa"]
[Date "2019.05.02"]
[Round "7.3"]
[White "Kukov, Velislav"]
[Black "Abdullayev, Azer"]
[Result "1-0"]
[ECO "D78"]
[WhiteElo "2351"]
[BlackElo "2074"]
[Annotator "NA"]
[PlyCount "83"]
[EventDate "2019.04.30"]
[EventCountry "TUR"]
[SourceTitle "playchess.com"]
[Source "ChessBase"]
[SourceQuality "1"]
[TimeControl "5400+30"]

1. Nf3 d5 2. g3 g6 3. Bg2 Bg7 4. d4 Nf6 5. c4 c6 6. O-O O-O 7. Qa4 Ne4 8. Nc3 Nd7 9. cxd5 Nxc3 10. bxc3 cxd5 11. Qb3 Qa5 12. Bd2 Nb6 13. Ne5 Be6 14. Rfd1 Rac8 15. Nd3 Nc4 16. Be1 Bg4 17. Nf4 e6 18. f3 Bf5 19. g4 g5 20. Nxd5 exd5 21. gxf5 Rce8 22. e4 Ne3 23. c4 Nxd1 24. Bxa5 Bxd4+ 25. Kf1 Ne3+ 26. Ke2 dxc4 27. Qxe3 Bxe3 28. Kxe3 Rc8 29. Bc3 f6 30. f4 Rfd8 31. Bf1 gxf4+ 32. Kxf4 Kf7 33. Be2 Rc6 34. Rg1 Rd3 35. Bxd3 cxd3 36. Bd2 Rc2 37. Ke3 Rxa2 38. Rb1 b6 39. Kxd3 Ra4 40. Bc3 Ra2 41. Ra1 Rxa1 42. Bxa1 1-0

[Event "Manisa Yunusemre IM Norm 2019"]
[Site "Manisa"]
[Date "2019.05.02"]
[Round "7.4"]
[White "Mammadova, Narmin"]
[Black "Metin, Oguz"]
[Result "1-0"]
[ECO "B06"]
[WhiteElo "2292"]
[BlackElo "2058"]
[Annotator "NA"]
[PlyCount "117"]
[EventDate "2019.04.30"]
[EventCountry "TUR"]
[SourceTitle "playchess.com"]
[Source "ChessBase"]
[SourceQuality "1"]
[TimeControl "5400+30"]

1. e4 c5 2. c3 d5 3. exd5 Qxd5 4. d4 g6 5. Be3 cxd4 6. Na3 Bg7 7. Nb5 Na6 8. Nf3 Nh6 9. Bxd4 Bxd4 10. Qxd4 Qxd4 11. Nfxd4 O-O 12. Be2 Nc5 13. Nb3 Nxb3 14. axb3 a6 15. Nc7 Rb8 16. O-O-O Nf5 17. Nd5 Be6 18. Kc2 Rfd8 19. Nf4 Bd7 20. Bf3 Nd6 21. Rhe1 Kf8 22. Nd5 Bf5+ 23. Kc1 Be6 24. g4 Bxd5 25. Rxd5 e6 26. Rd4 Ke7 27. Bd1 Rbc8 28. f4 Ne8 29. Rb4 Rc7 30. f5 Rd6 31. Bc2 b5 32. h3 Rc5 33. Rf4 g5 34. Rf2 h6 35. Rfe2 Nc7 36. b4 Rcd5 37. Rh1 Kf8 38. Rhe1 Ke7 39. Rf1 f6 40. Rfe1 e5 41. Be4 Rd3 42. Bxd3 Rxd3 43. Re3 Rxe3 44. Rxe3 Nd5 45. Re1 Nf4 46. Rh1 e4 47. Kd2 Kd6 48. Ke3 Ke5 49. Ra1 Nd5+ 50. Ke2 Nf4+ 51. Ke3 Nd5+ 52. Kf2 Nc7 53. Ke2 h5 54. gxh5 Kxf5 55. Rf1+ Ke6 56. h6 Kf7 57. h7 Kg7 58. Rxf6 Kxh7 59. Rf7+ 1-0

[Event "Manisa Yunusemre IM Norm 2019"]
[Site "Manisa"]
[Date "2019.05.02"]
[Round "7.5"]
[White "Guseynov, Alihan"]
[Black "Nalbant, Tuna Onat"]
[Result "1/2-1/2"]
[ECO "D98"]
[WhiteElo "2340"]
[BlackElo "2354"]
[Annotator "NA"]
[PlyCount "60"]
[EventDate "2019.04.30"]
[EventCountry "TUR"]
[SourceTitle "playchess.com"]
[Source "ChessBase"]
[SourceQuality "1"]
[TimeControl "5400+30"]

1. d4 Nf6 2. c4 g6 3. Nc3 d5 4. Nf3 Bg7 5. Qb3 dxc4 6. Qxc4 O-O 7. e4 Nc6 8. Be2 Bg4 9. d5 Na5 10. Qb4 Bxf3 11. Bxf3 c6 12. O-O Qb6 13. Qxe7 Nc4 14. dxc6 bxc6 15. Bf4 Rfe8 16. Qc7 Qxc7 17. Bxc7 Rac8 18. Bg3 Nh5 19. Rac1 Nxg3 20. hxg3 Nxb2 21. Rc2 Nd3 22. a3 Nc5 23. Rfc1 Bxc3 24. Rxc3 Nxe4 25. Bxe4 Rxe4 26. Rxc6 Rxc6 27. Rxc6 Ra4 28. Rc3 Kg7 29. f3 Kf6 30. Kf2 Ke5 1/2-1/2

[Event "Manisa Yunusemre IM Norm 2019"]
[Site "Manisa"]
[Date "2019.05.03"]
[Round "8.1"]
[White "Akin, Kadir"]
[Black "Simantsev, Mikhail"]
[Result "1-0"]
[ECO "B22"]
[WhiteElo "2033"]
[BlackElo "2395"]
[Annotator "NA"]
[PlyCount "83"]
[EventDate "2019.04.30"]
[EventCountry "TUR"]
[SourceTitle "playchess.com"]
[Source "ChessBase"]
[SourceQuality "1"]
[TimeControl "5400+30"]

1. e4 c5 2. c3 Nf6 3. e5 Nd5 4. d4 cxd4 5. Nf3 e6 6. cxd4 d6 7. a3 Bd7 8. Bd3 Bc6 9. O-O Nd7 10. Qe2 Be7 11. Nc3 {[%emt 0:00:30] B22: Sicilian: 2 c3} (11. exd6 Bxd6 12. Nc3 O-O 13. Ne4 Bf4 14. Be3 N7f6 15. Neg5 h6 16. Nh3 Qd6 17. Qd2 Nh5 18. Rae1 Qc7 {½-½ (74) Harikrishna,P (2744)-Artemiev,V (2691) Huaian 2017}) 11... dxe5 12. Nxd5 Bxd5 13. dxe5 O-O 14. Rd1 Nc5 15. Bc2 Rc8 $146 ({Predecessor:} 15... a5 16. Be3 a4 17. Bxh7+ Kxh7 18. Bxc5 g6 19. Bxe7 Qxe7 {1-0 (54) Akin,K (1974)-Nalbant,T (2241) Manavgat 2018}) 16. b4 Nd7 17. Be4 Bxe4 18. Qxe4 Qc7 19. Be3 Nb6 20. Rac1 Qb8 21. Bxb6 axb6 22. Qd4 Rxc1 23. Rxc1 Rc8 24. Rxc8+ Qxc8 25. Qe3 Qc6 26. h3 f6 27. exf6 Bxf6 28. Nd4 Bxd4 29. Qxd4 h6 30. Kh2 Kf7 31. Kg3 Qc7+ 32. Qf4+ Qxf4+ 33. Kxf4 Kf6 34. Ke4 Ke7 35. Ke5 Kd7 36. b5 Ke7 37. f4 Kd7 $18 38. g4 Ke7 39. h4 Kf7 40. Kd6 Kf6 41. h5 Kf7 42. g5 1-0

[Event "Manisa Yunusemre IM Norm 2019"]
[Site "Manisa"]
[Date "2019.05.03"]
[Round "8.2"]
[White "Abdullayev, Azer"]
[Black "Morozov, Nichita"]
[Result "1-0"]
[ECO "B19"]
[WhiteElo "2057"]
[BlackElo "2398"]
[Annotator "NA"]
[PlyCount "61"]
[EventDate "2019.04.30"]
[EventCountry "TUR"]
[SourceTitle "playchess.com"]
[Source "ChessBase"]
[SourceQuality "1"]
[TimeControl "5400+30"]

1. e4 c6 2. d4 d5 3. Nd2 dxe4 4. Nxe4 Bf5 5. Ng3 Bg6 6. h4 h6 7. Nf3 Nd7 8. h5 Bh7 9. Bd3 Bxd3 10. Qxd3 e6 11. Bd2 Ngf6 12. O-O-O Rc8 13. Rhe1 Be7 14. Qe2 O-O 15. Ne5 c5 16. Ng6 Re8 17. Nxe7+ Qxe7 18. d5 Qd6 19. dxe6 Rxe6 20. Nf5 Qh2 21. Qf3 Ne5 22. Qxb7 Rce8 23. Rh1 Nd3+ 24. cxd3 Qe5 25. Qf3 c4 26. Bc3 Qc5 $18 27. d4 Qb5 28. d5 Ra6 29. Qg3 g6 30. hxg6 Ne4 31. gxf7+ 1-0

[Event "Manisa Yunusemre IM Norm 2019"]
[Site "Manisa"]
[Date "2019.05.03"]
[Round "8.3"]
[White "Metin, Oguz"]
[Black "Kukov, Velislav"]
[Result "1-0"]
[ECO "B12"]
[WhiteElo "2058"]
[BlackElo "2351"]
[Annotator "NA"]
[PlyCount "124"]
[EventDate "2019.04.30"]
[EventCountry "TUR"]
[SourceTitle "playchess.com"]
[Source "ChessBase"]
[SourceQuality "1"]
[TimeControl "5400+30"]

1. e4 c6 2. d4 d5 3. e5 Na6 4. Nc3 Nc7 5. Be3 (5. f4 h5 6. Be3 Bf5 7. Be2 e6 8. g3 g6 9. Nf3 Ne7 10. Bf2 Nc8 11. h3 Nb6 12. Kf1 {½-½ (70) Khismatullin,D (2584)-Sergienko,S (2446) Voronezh 2008}) 5... g6 6. Qd2 {[%emt 0:01:30] B12: Caro-Kann: Advance Variation} h5 7. O-O-O Nh6 8. Kb1 $146 ({Predecessor:} 8. f3 Nf5 9. Bg5 Ne6 10. h4 Nfxd4 11. Kb1 {0-1 (36) Pepic,R (2255)-Kostadinov,R (2250) Pula 1990}) 8... Nf5 9. Nge2 Nxe3 10. fxe3 Bh6 11. Nf4 Ne6 12. Bd3 Nxf4 13. exf4 Bg4 14. Be2 Bf5 15. Bd3 Bg4 16. Be2 Qd7 17. Rdf1 Bf5 18. Nd1 O-O-O 19. Ne3 Be4 20. Bd3 f5 $11 21. Rhg1 e6 22. h4 Bf8 23. Rd1 Kb8 24. c3 Bxd3+ 25. Qxd3 c5 26. dxc5 Bxc5 27. Rgf1 Qe7 28. g3 Rc8 29. Nc2 Rc6 30. Rd2 Rhc8 31. Rfd1 a6 32. Qf3 b5 33. Rd3 Qb7 34. a3 a5 35. Ka2 Rb6 36. b4 axb4 37. cxb4 Be7 38. Nd4 Ra6 39. R1d2 Rc4 40. Kb2 Bd8 41. Nxe6 Rxe6 42. Qxd5 Qxd5 43. Rxd5 Bc7 44. Rxb5+ Kc8 45. Rbd5 Rec6 46. b5 R6c5 47. Rxc5 Rxc5 48. a4 Rc4 49. Kb3 Re4 50. Rc2 Kb7 51. Rc6 Re3+ 52. Kb4 Rxg3 53. a5 Bd8 54. a6+ Ka7 55. Rc8 Bb6 56. Rg8 Rf3 57. Rg7+ Ka8 58. Kc4 Rxf4+ 59. Kd5 Rd4+ 60. Kc6 Bd8 61. e6 Bxh4 62. Rg8+ Rd8 1-0